 Dungeon Sprint DCSS version 0.30-a0-365-ge7f957f1db (webtiles) character file.

Game seed: 2038354460231888947

711 rocky1 the Grappler (level 7, -12/76 HPs)
             Began as a Troll Monk on Nov 18, 2022.
             Was an Elder of Okawaru.
             Mangled by a tyrant leech (27 damage)
             ... in the Dungeon (Sprint VII: "The Pits").
             The game lasted 00:01:38 (588 turns).

rocky1 the Grappler (Troll Monk)                     Turns: 588, Time: 00:01:39

Health: -12/76     AC:  4    Str: 22    XL:     7   Next: 40%
Magic:  6/6        EV: 12    Int:  6    God:    Okawaru [****..]
Gold:   0          SH:  0    Dex: 12    Spells: 6/6 levels left

rFire   . . .      SeeInvis .      - Unarmed
rCold   . . .      Faith    .    (no shield)
rNeg    . . .      Spirit   .    a - +0 robe
rPois   .          Reflect  .    (helmet restricted)
rElec   .          Harm     .    (no cloak)
rCorr   .          Rampage  .    (gloves unavailable)
Will    .....      NoTele   +    (boots unavailable)
Stlth   ++........               (no amulet)
HPRegen 1.12/turn                (no ring)
MPRegen 0.10/turn                (no ring)

@: no status effects
A: large, unfitting armour, claws 3, regeneration 1, shaggy fur 1, tough skin 1
a: Renounce Religion, Heroism, Finesse


You were in the Dungeon.
You worshipped Okawaru.
Okawaru was greatly pleased with you.
You visited 1 branch

Inventory:

Armour
 a - a +0 robe (worn)
Scrolls
 h - a scroll of blinking
 j - 5 scrolls of amnesia
Potions
 b - a potion of ambrosia
 c - 5 potions of curing
 d - 6 potions of heal wounds
 e - a potion of haste
 f - 4 potions of magic
 g - a potion of berserk rage
 i - 2 potions of invisibility


   Skills:
 + Level 6.4 Fighting
 + Level 7.0 Dodging
 + Level 2.2 Stealth
 * Level 12.3 Unarmed Combat


You had 6 spell levels left.
You didn't know any spells.
Your spell library was empty.

Dungeon Overview and Level Annotations

Branches:
Dungeon (1/1)

Altars:
Ashenzari
Cheibriados
Dithmenos
Elyvilon
Fedhas
Gozag
Hepliaklqana
Kikubaaqudgha
Makhleb
Nemelex Xobeh
Okawaru
Qazlal
Ru
Sif Muna
Trog
Uskayaw
Vehumet
Wu Jian
Xom
Yredelemnul
Zin
The Shining One
Jiyva
Lugonu


Innate Abilities, Weirdness & Mutations

You are too large for most types of armour.
You have claws for hands.
Your natural rate of healing is unusually fast.
You are covered in fur. (AC +1)
You have tough skin. (AC +1)


Message History

a +0 club; a +0 leather armour As you open the door, it creaks loudly!
A black bear comes into view.
The black bear growls angrily.
You mangle the black bear!!
The black bear is severely wounded.
The black bear closely misses you. The black bear completely misses you.
The black bear closely misses you.
You claw the black bear!
You kill the black bear!
Okawaru accepts your kill.
Your Dodging skill increases to level 7!
Your Unarmed Combat skill increases to level 12!
There is an open door, spattered with blood here.
You see here a black bear corpse.
You open the door.
A tyrant leech comes into view.
The tyrant leech barely misses you.
There is an open door here.
You claw the tyrant leech!
The tyrant leech is moderately wounded.
You closely miss the tyrant leech.
The tyrant leech is moderately wounded.
The tyrant leech bites you!
The tyrant leech draws strength from your injuries!
You closely miss the tyrant leech.
The tyrant leech is lightly wounded.
The tyrant leech bites you!!
The tyrant leech draws strength from your injuries!
You claw the tyrant leech!
The tyrant leech is moderately wounded.
You claw the tyrant leech!
The tyrant leech is heavily wounded.
The tyrant leech bites you!!
* * * LOW HITPOINT WARNING * * *
The tyrant leech draws strength from your injuries!
You barely miss the tyrant leech.
The tyrant leech is heavily wounded.
The tyrant leech bites you!!
You die...

#)#...)))[.##.......#
#)#...)))[.##.......#
#)###########.......#
#)).....# #########
#..###..# #.......#
##.###.##+#
#.......#w+
#..###..#@#
#.......†.#
###########


You could see a tyrant leech.

Vanquished Creatures
  A warg (D)
  A water moccasin (D)
  A black bear (D)
  An ice beast (D)
  3 wights (D)
  2 orc priests (D)
  2 orc wizards (D)
  An adder (D)
  A river rat (D)
  2 ufetubi (D)
  An adder zombie (D)
  3 orcs (D)
  A giant cockroach (D)
  A frilled lizard (D)
  A kobold (D)
  2 rats (D)
24 creatures vanquished.

Notes
Turn   | Place    | Note
-------+----------+-------------------------------------------
     0 | D        | rocky1 the Troll Monk began the quest for the Orb.
     0 | D        | Reached XP level 1. HP: 22/22 MP: 0/0
    19 | D        | Found a bloodstained altar of Trog.
    19 | D        | Found a shimmering blue altar of Sif Muna.
    19 | D        | Found a viscous altar of Jiyva.
    19 | D        | Found a hazy altar of Hepliaklqana.
    19 | D        | Found an opulent altar of Gozag.
    20 | D        | Found a glowing golden altar of the Shining One.
    20 | D        | Found a glowing silver altar of Zin.
    20 | D        | Found a basalt altar of Yredelemnul.
    20 | D        | Found a shimmering altar of Xom.
    20 | D        | Found an ornate altar of the Wu Jian Council.
    20 | D        | Found a sacrificial altar of Ru.
    20 | D        | Found a stormy altar of Qazlal.
    20 | D        | Found an iron altar of Okawaru.
    20 | D        | Found a sparkling altar of Nemelex Xobeh.
    20 | D        | Found a burning altar of Makhleb.
    20 | D        | Found a blossoming altar of Fedhas.
    20 | D        | Found a white marble altar of Elyvilon.
    20 | D        | Found a shadowy altar of Dithmenos.
    20 | D        | Found a snail-covered altar of Cheibriados.
    22 | D        | Found a radiant altar of Vehumet.
    22 | D        | Found a corrupted altar of Lugonu.
    23 | D        | Found a hide-covered altar of Uskayaw.
    23 | D        | Found an ancient bone altar of Kikubaaqudgha.
    23 | D        | Found a broken altar of Ashenzari.
    28 | D        | Became a worshipper of Warmaster Okawaru
    28 | D        | Reached * piety under Okawaru
    28 | D        | Reached ** piety under Okawaru
    88 | D        | Reached skill level 4 in Unarmed Combat
    88 | D        | Reached XP level 2. HP: 25/31 MP: 1/1
   217 | D        | Noticed a warg
   222 | D        | Killed a warg
   223 | D        | Reached skill level 7 in Unarmed Combat
   223 | D        | Reached XP level 3. HP: 33/40 MP: 2/2
   223 | D        | Reached XP level 4. HP: 41/49 MP: 3/3
   223 | D        | Reached XP level 5. HP: 46/55 MP: 4/4
   305 | D        | Noticed a water moccasin
   316 | D        | Reached skill level 5 in Fighting
   316 | D        | Reached skill level 5 in Dodging
   316 | D        | Reached skill level 8 in Unarmed Combat
   360 | D        | Noticed an ice beast
   374 | D        | Killed a water moccasin
   374 | D        | Reached *** piety under Okawaru
   375 | D        | Reached skill level 9 in Unarmed Combat
   375 | D        | Reached XP level 6. HP: 66/66 MP: 5/5
   382 | D        | Killed an ice beast
   383 | D        | Reached skill level 10 in Unarmed Combat
   388 | D        | Reached skill level 11 in Unarmed Combat
   392 | D        | Reached XP level 7. HP: 52/75 MP: 6/6
   406 | D        | Reached **** piety under Okawaru
   579 | D        | Reached skill level 12 in Unarmed Combat
   581 | D        | Noticed a tyrant leech
   588 | D        | Mangled by a tyrant leech

Illustrated notes

Levels and vault maps discovered:
D:        pitsprint [storerooms_1, entrance_room_1, metal_vault_5, armoury_1,
          mini_pit_1, grid_room_1, main_hall_1, silver_pit, the_coven_3,
          the_vestibule_1, steel_vault_5, golden_pit, hallway_of_sentries,
          crystal_vault_4, iron_vault_1, final_vault]

Skill      XL: |  1  2  3  4  5  6  7 |
---------------+----------------------+-----
Fighting       | 3 4 5 6 |  6.4
Dodging        | 3 4 5 6 7 |  7.0
Unarmed Combat | 4 7 9 11 12 | 12.3
Stealth        | 2 |  2.2

Action                   |  1- 3 |  4- 6 |  7- 9 || total
-------------------------+-------+-------+-------++-------
Melee: Unarmed           |    43 |    26 |    19 ||    88
       Punch             |       |     3 |     2 ||     5
  Use: Potion            |     1 |     2 |       ||     3
Armor: Robe              |    12 |     2 |       ||    14
Dodge: Dodged            |    24 |     7 |     9 ||    40

Table legend: (Time is in decaauts)
 A = Elapsed time spent in this place.
 B = Non-inter-level travel time spent in this place.
 C = Inter-level travel time spent in this place.
 D = Time resting spent in this place.
 E = Time spent auto-exploring this place.
 F = Levels seen in this place.
 G = Mean time per level.
                   A        B        C        D        E       F      G
               +--------+--------+--------+--------+--------+-----+--------+
         Total |    596 |    583 |     13 |    324 |      0 |   1 |  596.0 |
       Dungeon |    596 |    583 |     13 |    324 |      0 |   1 |  596.0 |
               +--------+--------+--------+--------+--------+-----+--------+

Top non-repeatable levels by time:
       D: 596 daAuts
